AoeStats
← ska_18

QS Arena

503165894Analyzed
3v3 RM · 1mo ago on Aug 30, 2026· 39m 45s· 6 players
Game mode
Random Map
Map size
Normal (6 player)
Population
200
Speed
Normal
Resources
Standard
Victory
Conquest
Starting age
Dark Age
Ending age
Imperial Age
RankedLock teamsTeams togetherTeam positionsShared explorationLock speedFull tech treeHidden civsTurbo modeCheats
Victory
Defeat
🇬🇧 Vikings · United Kingdom
1097
+12
🇦🇹 Saracens · Austria
1057
+14
🇸🇪 Spanish · Sweden
1009
+16
🇹🇼 Bohemians · Taiwan
1059
-16
🇨🇳 Teutons · China
1032
-15
🇨🇳 Khmer · China
955
-12
ska_18
7:38 Feudal Age
10:38 Loom
12:56 Castle Age
11:05 Double-Bit Axe
11:28 Horse Collar
12:39 Loom
16:25 Bow Saw
16:51 Wheelbarrow
16:02 Town Watch
16:39 Bow Saw
19:15 Gold Mining
19:15 Stone Mining
21:39 Sanctity
21:30 Fervor
22:10 Stone Mining
24:10 Heavy Plow
24:54 Hand Cart
26:00 Gold Shaft Mining
25:37 Forging
29:32 Imperial Age
28:02 Scale Barding Armor
27:49 Fletching
29:37 Iron Casting
29:23 Chain Barding Armor
29:22 Murder Holes
29:11 Treadmill Crane
31:31 Chemistry
30:42 Masonry
31:22 Conscription
31:38 Bloodlines
31:28 Husbandry
30:49 Light Cavalry
32:59 Plate Barding Armor
33:47 Hoardings
34:37 Blast Furnace
33:33 Bodkin Arrow
34:22 Bimaristan
34:36 Elite Mameluke
36:13 Bracer
37:25 Coinage
37:57 Two-Man Saw
area430
9:53 Feudal Age
11:40 Stone Mining
14:08 Castle Age
12:07 Double-Bit Axe
12:10 Horse Collar
13:00 Gold Mining
14:59 Bow Saw
15:57 Heavy Plow
19:53 Loom
22:25 Gold Shaft Mining
26:28 Imperial Age
23:50 Town Watch
24:43 Padded Archer Armor
25:02 Fletching
25:59 Bodkin Arrow
26:19 Leather Archer Armor
25:34 Crossbowman
27:59 Ballistics
29:07 Chemistry
28:31 Conscription
28:11 Bogsveigar
27:44 Capped Ram
28:33 Arbalester
30:05 Bracer
30:38 Ring Archer Armor
31:08 Pikeman
32:24 Forging
32:15 Scale Mail Armor
31:50 Siege Ram
33:19 Chain Mail Armor
33:42 Iron Casting
36:19 Plate Mail Armor
36:49 Blast Furnace
37:18 Fortified Wall
37:20 Masonry
37:16 Siege Engineers
36:34 Onager
ElLocoCubano
9:02 Feudal Age
13:51 Castle Age
12:24 Double-Bit Axe
12:49 Horse Collar
13:25 Loom
21:37 Bloodlines
23:18 Bow Saw
29:46 Imperial Age
27:23 Husbandry
29:51 Gold Mining
30:11 Scale Barding Armor
30:17 Forging
29:54 Cavalier
32:12 Chain Barding Armor
32:28 Iron Casting
31:49 Paladin
33:11 Conscription
33:40 Plate Barding Armor
34:26 Two-Man Saw
35:43 Blast Furnace
36:00 Town Watch
36:51 Wheelbarrow
36:11 Fletching
LoveCreamPie
8:32 Feudal Age
12:51 Castle Age
11:04 Double-Bit Axe
11:12 Horse Collar
14:04 Bow Saw
14:27 Fervor
16:38 Heavy Plow
22:28 Wheelbarrow
28:07 Imperial Age
26:27 Forging
26:08 Fletching
26:18 Padded Archer Armor
26:22 Scale Mail Armor
26:18 Pikeman
26:58 Squires
26:44 Arson
26:41 Treadmill Crane
26:27 Crossbowman
28:03 Iron Casting
27:41 Bodkin Arrow
27:46 Loom
27:46 Town Watch
29:07 Chemistry
28:28 Ballistics
28:40 Leather Archer Armor
29:50 Two-Man Saw
28:12 Halberdier
28:53 Arbalester
30:11 Chain Mail Armor
31:23 Bracer
32:24 Blast Furnace
32:15 Ring Archer Armor
32:24 Conscription
33:28 Plate Mail Armor
33:38 Houfnice
37:57 Wagenburg Tactics
37:57 Hussite Reforms
38:03 Houfnice
523988158
0:45 Loom
8:43 Feudal Age
13:14 Castle Age
11:13 Double-Bit Axe
11:55 Horse Collar
13:54 Wheelbarrow
28:05 Imperial Age
26:35 Gold Mining
28:06 Scale Barding Armor
27:52 Fletching
28:13 Forging
29:16 Bloodlines
29:24 Heavy Plow
29:36 Bow Saw
30:44 Hand Cart
31:23 Crop Rotation
31:56 Two-Man Saw
31:38 Fortified Wall
32:16 Stone Mining
33:20 Conscription
32:22 Cavalier
33:07 Bodkin Arrow
38:38 Squires
38:24 Arson
39:15 Scale Mail Armor
39:18 Pikeman
天成
1:34 Loom
9:45 Feudal Age
12:45 Castle Age
10:44 Double-Bit Axe
10:43 Horse Collar
14:58 Heavy Plow
17:39 Bow Saw
20:05 Stone Mining
21:35 Wheelbarrow
23:26 Hand Cart
23:12 Gold Mining
26:39 Imperial Age
28:29 Padded Archer Armor
28:19 Fletching
29:43 Chemistry
30:28 Gold Shaft Mining
30:29 Stone Shaft Mining
30:53 Leather Archer Armor
30:34 Bodkin Arrow
31:03 Ballistics
30:49 Siege Engineers
31:39 Fortified Wall
31:30 Heavy Scorpion
33:37 Ring Archer Armor
34:48 Bracer
34:55 Double Crossbow
36:40 Hoardings
38:52 Pikeman
Connection lost

Rejoining the realm…

Still unreachable

The connection could not be restored.

Session expired

The server has moved on; the page needs a fresh start.